 Dungeon Crawl Stone Soup version 0.20.1-1-g8b1a95d (webtiles) character file.

2331 veneficus the Spear-Bearer (level 9, -13/64 HPs)
             Began as a Merfolk Skald on Nov 2, 2017.
             Was a Follower of Fedhas.
             Killed from afar by Joseph (18 damage)
             ... with a wand of lightning (?/15)
             ... on level 7 of the Dungeon.
             The game lasted 00:23:42 (11810 turns).

veneficus the Spear-Bearer (Merfolk Skald)         Turns: 11810, Time: 00:23:43

Health: -13/64     AC:  5    Str: 12    XL:     9   Next: 42%
Magic:  16/16      EV: 14    Int: 13    God:    Fedhas [*.....]
Gold:   330        SH:  0    Dex: 15    Spells: 7/18 levels left

rFire    . . .     SeeInvis .   o - +1 spear (venom)
rCold    + . .     Gourm    .   (no shield)
rNeg     . . .     Faith    .   v - +0 leather armour (curse)
rPois    .         Spirit   .   q - +0 helmet
rElec    .         Reflect  .   (no cloak)
rCorr    .         Harm     .   n - +0 pair of gloves
MR       .....                  (no boots)
Stlth    +.........             (no amulet)
Regen    0.2/turn               e - ring of ice
MPRegen  0.2/turn               b - ring of protection from fire

@: no status effects
A: change form in water, swift swim, stealthy swim
a: Fungal Bloom, Evolution, Renounce Religion


You were on level 7 of the Dungeon.
You worshipped Fedhas.
Fedhas was aware of your devotion.
You were not hungry.

You visited 1 branch of the dungeon, and saw 7 of its levels.

You collected 330 gold pieces.

Inventory:

Hand Weapons
 o - a +1 spear of venom (weapon)
 A - a cursed -1 halberd
Armour
 n - a +0 pair of gloves (worn)
 q - a +0 helmet (worn)
 v - a cursed +0 leather armour (worn)
Magical Staves
 j - an uncursed staff of death {unknown}
Jewellery
 b - a ring of protection from fire (right hand)
 d - a cursed ring of loudness {unknown}
 e - a ring of ice (left hand)
 x - an uncursed ring of fire
 z - an uncursed ring of fire
Wands
 a - a wand of random effects (29/48)
 h - a wand of iceblast (6/15)
 t - a wand of digging (7/24)
Scrolls
 f - a scroll of magic mapping {unknown}
 i - 2 scrolls of immolation {unknown}
 l - 5 scrolls of remove curse {unknown}
 r - a scroll of fog {unknown}
 u - 2 scrolls of teleportation {unknown}
 y - a scroll of fear {unknown}
Potions
 g - a potion of invisibility
 m - 2 potions of magic
 s - 3 potions of agility
 w - a potion of degeneration
Books
 c - a book of Battle

   Spells                             Type                      Level
   a - Infusion                       Charms                       1
   b - Shroud of Golubria             Charms/Translocation         2
   c - Song of Slaying                Charms                       2
   d - Spectral Weapon                Hexes/Charms                 3
   e - Regeneration                   Charms/Necromancy            3


   Skills:
 + Level 3.5 Fighting
 - Level 11.3 Polearms
 + Level 2.0 Armour
 + Level 4.2 Dodging
 - Level 5.1 Spellcasting
 + Level 7.4 Charms
 + Level 2.2 Invocations


You had 7 spell levels left.
You knew the following spells:

 Your Spells              Type           Power        Failure   Level  Hunger
a - Infusion              Chrm           ###.         1%          1    None
b - Shroud of Golubria    Chrm/Tloc      ##........   8%          2    ##.....
c - Song of Slaying       Chrm           ###.....     1%          2    ##.....
d - Regeneration          Chrm/Necr      ##........   16%         3    ###....
e - Spectral Weapon       Hex/Chrm       ##......     16%         3    ###....


Dungeon Overview and Level Annotations

Branches:
Dungeon (7/15)             Temple (0/1) D:6

Altars:
Dithmenos
Elyvilon
Fedhas
Gozag
Hepliaklqana
Nemelex Xobeh
Sif Muna
Zin

Annotations:
D:7 Joseph


Message History

* * * LOW HITPOINT WARNING * * *
You see here a sling bullet.
You swap places.
A crimson imp comes into view.
A sling bullet appears from out of thin air!
The sling bullet hits your wandering mushroom!
Your wandering mushroom is destroyed!
You feel a little guilty.
A sling bullet appears from out of thin air!
The sling bullet hits your wandering mushroom!
A sling bullet appears from out of thin air!
The sling bullet hits your wandering mushroom.
You eat the bread ration.
That bread ration really hit the spot!
You hear a zap.
A bolt of lightning appears from out of thin air!
The bolt of lightning hits your wandering mushroom.
Your wandering mushroom is destroyed!
You feel a little guilty. The bolt of lightning hits you!
You die...
Fedhas appreciates your contribution to the ecosystem.

#.#.# #.#.# ######.#.######.#.#
+#.## ###....#............# .....
#...................#######
.....##.#........................
....................#......######
....................#......#
..........{................#
..........##.#.#@..........#
######...(##.#.#......#.####
#...##.((.##.#.#........#
.....#((..##+#.#...รท....#
.......##(........##.#..#
.....#.+..........##.#..#
#...##{.#.................
######.........>...........
...#.......###.........#


There were no monsters in sight!

Vanquished Creatures
  A troll (D:6)
  Sigmund (D:2)
  Eustachio (D:6)
  A water moccasin (D:6)
  An orc warrior (D:6)
  2 sky beasts
  A phantom (D:4)
  A centaur (D:6)
  4 bullfrogs
  Blork the orc (D:3)
  A wyvern zombie (D:6)
  A scorpion (D:4)
  3 crimson imps (D:5)
  3 hounds
  A centaur zombie (D:5)
  2 orc priests (D:6)
  A bullfrog skeleton (D:5)
  A jelly (D:5)
  3 iguanas
  Natasha (thrice) (D:2)
  2 orc wizards (D:6)
  2 worker ants
  2 worker ant zombies (D:6)
  5 gnolls
  4 adders
  2 shadow imps
  An adder skeleton (D:6)
  2 worms
  6 dart slugs
  2 leopard geckos
  7 orcs
  8 bats
  6 giant cockroaches
  8 hobgoblins
  13 jackals
  6 kobolds
  6 quokkas
  2 ball pythons
  4 frilled lizards
  5 goblins
  A jackal zombie (D:6)
  A quokka skeleton (D:4)
  10 rats
138 creatures vanquished.

Vanquished Creatures (collateral kills)
  2 gnolls (D:7)
  An adder (D:7)
  An adder skeleton (D:7)
  A leopard gecko (D:7)
5 creatures vanquished.

Vanquished Creatures (others)
  2 wandering mushrooms (D:7)
  33 toadstools
35 creatures vanquished.

Grand Total: 178 creatures vanquished

Notes
Turn   | Place    | Note
-------+----------+-------------------------------------------
     0 | D:1      | veneficus the Merfolk Skald began the quest for the Orb.
     0 | D:1      | Reached XP level 1. HP: 16/16 MP: 3/3
   480 | D:1      | Reached XP level 2. HP: 20/22 MP: 0/5
   638 | D:1      | Reached skill level 4 in Polearms
   891 | D:1      | Reached XP level 3. HP: 15/27 MP: 6/6
  1936 | D:2      | Found an opulent altar of Gozag.
  1963 | D:2      | Found a shadowy altar of Dithmenos.
  1969 | D:2      | Noticed Natasha
  1979 | D:2      | Killed Natasha
  1979 | D:2      | Reached skill level 5 in Polearms
  1979 | D:2      | Reached XP level 4. HP: 13/33 MP: 1/7
  2137 | D:2      | Learned a level 2 spell: Shroud of Golubria
  2140 | D:2      | Learned a level 2 spell: Song of Slaying
  2398 | D:2      | Noticed Sigmund
  2411 | D:2      | Killed Sigmund
  2411 | D:2      | Reached skill level 6 in Polearms
  2411 | D:2      | Reached XP level 5. HP: 17/38 MP: 0/9
  2411 | D:2      | Reached XP level 6. HP: 20/44 MP: 0/10
  2665 | D:2      | Found a white marble altar of Elyvilon.
  2670 | D:2      | Learned a level 3 spell: Regeneration
  2698 | D:2      | Noticed Natasha
  2706 | D:2      | Killed Natasha
  2793 | D:2      | Learned a level 3 spell: Spectral Weapon
  3219 | D:2      | Found a hazy altar of Hepliaklqana.
  4009 | D:2      | Noticed Natasha
  4019 | D:2      | Killed Natasha
  4019 | D:2      | Reached skill level 7 in Polearms
  4772 | D:3      | Found a blossoming altar of Fedhas.
  4781 | D:3      | Became a worshipper of Fedhas Madash
  5235 | D:3      | Noticed Blork the orc
  5247 | D:3      | Killed Blork the orc
  5442 | D:3      | Found a deep blue altar of Sif Muna.
  5506 | D:3      | Reached skill level 5 in Charms
  6587 | D:4      | Reached XP level 7. HP: 47/50 MP: 12/12
  7154 | D:4      | Reached skill level 8 in Polearms
  7868 | D:5      | Entered Level 5 of the Dungeon
  7905 | D:5      | Reached skill level 9 in Polearms
  8097 | D:5      | Reached XP level 8. HP: 53/56 MP: 6/14
  8481 | D:5      | Found a glowing silver altar of Zin.
  8749 | D:5      | Reached skill level 10 in Polearms
  8779 | D:5      | Found a sparkling altar of Nemelex Xobeh.
  9268 | D:6      | Noticed Eustachio
  9289 | D:6      | Killed Eustachio
  9371 | D:6      | Reached skill level 11 in Polearms
  9739 | D:6      | Reached skill level 5 in Spellcasting
 10599 | D:6      | Noticed a troll
 10605 | D:6      | Reached skill level 1 in Armour
 10605 | D:6      | Reached XP level 9. HP: 62/62 MP: 12/16
 10624 | D:6      | Killed a troll
 10624 | D:6      | Reached skill level 1 in Invocations
 10644 | D:6      | Reached * piety under Fedhas
 10970 | D:6      | HP: 2/63 [wyvern zombie (10)]
 11337 | D:6      | Found a staircase to the Ecumenical Temple.
 11761 | D:7      | Noticed Joseph
 11783 | D:7      | HP: 1/64 [something (8)]
 11797 | D:7      | HP: 2/64 [something (6)]
 11810 | D:7      | Killed from afar by Joseph

Skill      XL: |  1  2  3  4  5  6  7  8  9 |
---------------+----------------------------+-----
Polearms       | 4 5 6 7 9 11 | 11.3
Spellcasting   | 3 4 5 |  5.1
Charms         | 4 5 6 7 |  7.4
Armour         | 1 2 |  2.0
Dodging        | 4 |  4.2
Invocations    | 2 |  2.2
Fighting       | 3 |  3.5

Action                   |  1- 3 |  4- 6 |  7- 9 || total
-------------------------+-------+-------+-------++-------
Melee: Spear             |   105 |   138 |   440 ||   683
 Cast: Infusion          |     7 |     7 |     7 ||    21
       Shroud of Golubri |       |     2 |     1 ||     3
       Regeneration      |       |       |     6 ||     6
Invok: Fungal Bloom      |       |       |    24 ||    24
       Evolution         |       |       |     3 ||     3
  Use: Scroll            |       |       |     6 ||     6
       Potion            |       |       |     4 ||     4
 Stab: Sleeping          |       |     2 |     1 ||     3
       Distracted        |       |       |     1 ||     1
  Eat: Chunk             |     3 |    10 |     7 ||    20
       Bread ration      |       |     1 |     3 ||     4
       Fruit             |       |       |     1 ||     1
Armor: Leather armour    |    19 |    22 |    84 ||   125
       Skin              |       |       |     8 ||     8
Dodge: Dodged            |    49 |    61 |   138 ||   248
